Map: King Sejong Station LE

Players

SortOf - Winner!

  • Race: Zerg Zerg
  • League: Grandmaster

Sheppard

  • Race: Terran Terran
  • League: Master

VOD

Have the link to the VOD?

Description

Time

  • Played on: Oct. 30, 2016, 8:46 a.m.
  • Length: 14:42
Show
View Real Time Build Order
Export as new Build Order

SortOf Zerg - Winner!

Build Orders: Hatch First 

Get SALT Encoding   

  12  0:00  Drone  
  13  0:12  Overlord  
  13  0:17  Drone  
  14  0:30  Drone  
  14  0:31  Drone  
  16  0:37  Drone  
  17  0:52  Unknown, Hatchery  
  17  0:55  Drone  
  17  0:58  Drone  
  17  1:03  Extractor  
  17  1:14  Spawning Pool  
  17  1:17  Drone  
  17  1:20  Drone  
  18  1:29  Drone  
  19  1:38  Overlord  
  19  1:50  Drone  
  20  2:01  Queen, Zergling x2  
  22  2:04  Queen, Unknown  
  22  2:05  Zergling x2  
  22  2:07  Metabolic Boost  
  26  2:11  Zergling x2  
  26  2:15  Drone  
  28  2:21  Drone  
  29  2:28  Drone  
  30  2:36  Queen  
  32  2:39  Overlord  
  32  2:44  Pneumatized Carapace  
  32  2:47  Drone x2  
  34  2:51  Overlord  
  34  2:54  Drone  
  35  3:00  Drone  
  36  3:05  Drone  
  36  3:12  Drone x4  
  41  3:15  Zergling x4  
  43  3:23  Drone x3  
  46  3:30  Drone  
  47  3:38  Overlord  
  47  3:39  Drone  
  48  3:46  Drone  
  48  3:47  Unknown, Hatchery  
  48  3:50  Lair  
  48  3:52  Queen  
  50  3:58  Overlord  
  50  3:59  Drone x2  
  50  4:01  Drone  
  53  4:08  Zergling x6  
  56  4:11  Spore Crawler  
  56  4:14  Spore Crawler  
  56  4:17  Extractor  
  53  4:18  Drone  
  53  4:19  Evolution Chamber  
  53  4:21  Evolution Chamber  
  52  4:26  Zergling x6  
  52  4:27  Overlord  
  52  4:30  Drone x2  
  57  4:35  Queen  
  59  4:40  Drone  
  60  4:46  Drone  
  60  4:49  Zerg Ground Armor Level 1  
  60  4:50  Drone x3  
  64  4:56  Zergling x4  
  64  4:58  Unknown  
  66  5:02  Drone  
  66  5:03  Drone x3  
  66  5:04  Drone  
  66  5:07  Overseer  
  70  5:14  Drone  
  70  5:18  Drone x5  
  71  5:21  Zerg Missile Weapons Level 1  
  71  5:23  Roach Warren  
  71  5:27  Queen  
  72  5:30  Extractor, Drone x2  
  72  5:31  Extractor  
  72  5:33  Extractor  
  72  5:34  Spore Crawler, Extractor  
  69  5:40  Overlord  
  69  5:44  Drone x2  
  69  5:45  Drone x2  
  69  5:46  Spire  
  69  5:47  Overlord  
  72  5:55  Zergling x4  
  73  5:59  Zergling x10  
  73  6:03  Queen  
  80  6:05  Overlord x2  
  80  6:08  Roach  
  79  6:26  Drone x2  
  79  6:27  Drone x6  
  79  6:28  Drone x3  
  86  6:35  Drone x2  
  86  6:36  Overlord  
  86  6:37  Queen, Drone x2  
  86  6:38  Drone  
  93  6:42  Glial Reconstitution  
  93  6:44  Drone  
  93  6:46  Queen  
  95  7:00  Mutalisk x3  
  101  7:02  Overseer  
  101  7:03  Unknown, Hatchery  
  101  7:04  Mutalisk  
  101  7:07  Mutalisk  
  104  7:13  Overlord x3  
  104  7:15  Infestation Pit  
  104  7:19  Mutalisk  
  105  7:23  Zerg Missile Weapons Level 2  
  105  7:29  Hydralisk Den  
  104  7:40  Roach x5  
  114  7:45  Unknown, Drone x2, Hatchery  
  114  7:48  Zerg Ground Armor Level 2  
  114  7:50  Unknown, Hatchery  
  114  7:59  Muscular Augments  
  114  8:01  Drone x6  
  114  8:04  Drone x3  
  123  8:11  Overlord  
  119  8:13  Drone x2  
  119  8:14  Overlord  
  119  8:15  Overlord, Hive  
  119  8:19  Overlord  
  119  8:27  Extractor, Overlord  
  119  8:29  Extractor, Zergling x2  
  119  8:30  Zergling x10  
  119  8:31  Hydralisk  
  125  8:34  Hydralisk  
  125  8:36  Hydralisk  
  125  8:39  Drone x3  
  132  8:43  Hydralisk  
  134  8:49  Hydralisk x2  
  134  8:50  Hydralisk  
  134  8:55  Zerg Flyer Weapons Level 1  
  140  8:56  Unknown  
  140  8:59  Drone x3  
  140  9:01  Unknown  
  143  9:03  Hydralisk  
  143  9:04  Hydralisk x3  
  151  9:17  Hydralisk x6  
  163  9:24  Spore Crawler  
  162  9:31  Viper x3  
  162  9:34  Overlord x3  
  162  9:35  Overlord  
  171  9:38  Spine Crawler  
  171  9:42  Roach x5  
  171  9:44  Overlord  
  180  9:51  Overlord x2  
  180  9:52  Overlord  
  180  9:59  Spine Crawler, Drone x4  
  183  10:01  Viper x2  
  183  10:05  Drone x3  
  183  10:06  Evolution Chamber x2  
  190  10:14  Zerg Ground Armor Level 3  
  190  10:15  Hydralisk  
  190  10:16  Hydralisk  
  190  10:17  Zergling x2  
  190  10:19  Overseer  
  190  10:20  Overseer  
  195  10:53  Viper x2  
  195  10:56  Extractor  
  197  10:57  Extractor  
  197  11:01  Drone x2  
  196  11:10  Unknown, Hatchery  
  191  11:26  Hydralisk x4  
  191  11:28  Evolution Chamber x2  
  187  11:46  Greater Spire  
  185  11:48  Zerg Melee Weapons Level 1, Spire  
  184  11:56  Zergling x32  
  191  12:06  Hydralisk x4  
  191  12:07  Unknown, Hatchery  
  190  12:22  Unknown  
  185  12:44  Roach x12  
  185  12:54  Drone x2  
  187  12:59  Overseer  
  187  13:02  Roach x4  
  187  13:03  Roach x3  
  199  13:16  Extractor  
  199  13:18  Spine Crawler  
  199  13:19  Unknown, Hydralisk  
  175  13:20  Extractor, Hydralisk x12  
  198  13:32  Drone x3  
  197  13:34  Zergling x2  
  197  13:35  Zergling x4  
  197  13:36  Evolution Chamber  
  197  13:37  Evolution Chamber  
  197  13:38  Evolution Chamber  
  182  14:14  Hydralisk x18  
  182  14:15  Hydralisk x2  
Show
View Real Time Build Order
Export as new Build Order

Sheppard Terran 

Build Orders: Reaper Expand, Hellion Banshee 

Get SALT Encoding   

  12  0:00  SCV  
  13  0:13  SCV  
  14  0:17  Supply Depot  
  14  0:25  SCV  
  15  0:39  SCV  
  15  0:41  Barracks  
  16  0:48  Refinery  
  16  0:51  SCV  
  17  1:03  SCV  
  18  1:15  SCV  
  19  1:28  Orbital Command  
  19  1:30  Reaper  
  20  1:41  Command Center, Unknown  
  20  1:54  SCV, Supply Depot  
  21  2:06  SCV  
  22  2:10  Factory  
  22  2:11  Refinery  
  22  2:18  SCV  
  23  2:25  Barracks Reactor  
  23  2:30  SCV  
  24  2:42  SCV  
  25  2:53  Unknown, Orbital Command  
  25  2:56  Starport  
  25  2:57  SCV  
  26  3:05  Hellion x2  
  30  3:09  SCV, Barracks Tech Lab  
  30  3:12  Supply Depot  
  31  3:21  SCV  
  31  3:24  SCV  
  31  3:26  Hellion x2  
  37  3:33  SCV  
  38  3:39  Viking  
  38  3:40  SCV  
  41  3:45  SCV  
  41  3:47  Hellion  
  41  3:48  Hellion  
  45  3:53  SCV  
  45  3:55  Supply Depot  
  46  3:57  SCV  
  47  4:05  SCV  
  47  4:08  Command Center, Unknown  
  47  4:09  SCV  
  50  4:17  SCV, Refinery  
  50  4:19  Refinery  
  50  4:21  SCV, Banshee  
  54  4:31  Barracks Tech Lab  
  54  4:32  Starport  
  54  4:33  SCV, Cloaking Field  
  54  4:36  SCV  
  56  4:45  SCV  
  57  4:48  SCV  
  57  4:49  Armory  
  57  4:52  Supply Depot  
  58  4:57  SCV  
  59  5:00  SCV  
  55  5:20  Unknown  
  52  5:23  Orbital Command  
  52  5:25  Viking  
  52  5:26  SCV  
  56  5:28  SCV  
  56  5:34  Raven  
  58  5:38  SCV  
  58  5:40  Terran Vehicle Weapons Level 1, SCV  
  60  5:46  Orbital Command  
  60  5:50  SCV  
  60  5:52  SCV, Hellion x2  
  60  5:56  Factory  
  66  6:02  SCV  
  67  6:04  SCV  
  67  6:05  Banshee  
  67  6:08  Engineering Bay  
  71  6:14  SCV  
  71  6:17  SCV  
  66  6:29  Banshee  
  66  6:30  SCV  
  66  6:31  Hellion x2  
  68  6:44  Factory Tech Lab  
  68  6:47  SCV  
  68  6:48  Banshee  
  68  6:49  Factory  
  68  6:50  SCV  
  73  6:55  SCV  
  73  6:59  SCV  
  75  7:06  Hellion x8  
  75  7:07  Thor  
  75  7:08  SCV  
  82  7:09  SCV  
  82  7:12  SCV  
  87  7:16  Supply Depot  
  87  7:20  SCV  
  88  7:22  Liberator  
  88  7:23  Hellion  
  88  7:28  SCV  
  91  7:34  Factory Tech Lab  
  91  7:35  Missile Turret  
  91  7:36  Missile Turret  
  91  7:37  Missile Turret  
  91  7:38  Missile Turret, Banshee  
  91  7:43  Missile Turret x2  
  94  7:47  Missile Turret  
  87  7:58  Thor  
  87  7:59  Thor  
  87  8:00  SCV  
  87  8:01  SCV  
  101  8:07  Terran Vehicle Weapons Level 2  
  101  8:09  SCV, Hellion  
  104  8:19  Unknown x2  
  104  8:22  SCV  
  105  8:27  Command Center, Unknown  
  105  8:28  Hellion  
  107  8:35  SCV x2  
  107  8:37  Refinery  
  107  8:39  Supply Depot  
  107  8:40  Refinery  
  109  8:41  Supply Depot  
  109  8:44  SCV, Banshee  
  113  8:52  SCV x2  
  115  8:57  Infernal Pre-Igniter, Hellion  
  115  9:01  Siege Tank  
  120  9:03  SCV  
  120  9:05  SCV  
  120  9:09  Fusion Core  
  122  9:11  Hellion  
  122  9:12  Banshee  
  122  9:13  SCV  
  128  9:24  SCV x2  
  128  9:27  Banshee  
  128  9:28  Hellion  
  128  9:30  Factory  
  123  9:34  SCV  
  123  9:36  SCV, Siege Tank  
  128  9:38  Unknown  
  128  9:39  Missile Turret  
  128  9:41  Missile Turret  
  128  9:47  SCV  
  128  9:48  Supply Depot, Siege Tank  
  128  9:49  Supply Depot  
  128  9:50  Missile Turret  
  132  9:55  SCV  
  132  9:56  SCV  
  134  10:06  SCV  
  135  10:08  Siege Tank  
  135  10:10  Sensor Tower  
  135  10:11  Banshee, Hellion x2  
  135  10:12  Banshee  
  148  10:17  Factory Tech Lab  
  148  10:18  SCV  
  149  10:31  Hellion  
  151  10:37  Unknown x2  
  151  10:38  Refinery  
  151  10:40  Siege Tank  
  151  10:42  Refinery  
  154  10:50  Hellion x2, Siege Tank  
  154  10:52  Siege Tank  
  164  11:04  Planetary Fortress  
  164  11:09  SCV, Armory  
  162  11:13  Siege Tank  
  153  11:22  Siege Tank  
  153  11:24  Siege Tank  
  151  11:27  Missile Turret  
  151  11:28  Missile Turret  
  151  11:31  SCV  
  151  11:32  SCV  
  150  11:39  SCV  
  144  11:43  Hellion  
  144  11:45  Siege Tank  
  146  11:50  SCV  
  146  11:51  SCV  
  148  11:54  Siege Tank  
  148  11:56  Banshee x2  
  148  11:57  Siege Tank  
  150  12:07  Missile Turret  
  136  12:13  Command Center, Unknown  
  134  12:17  Siege Tank  
  134  12:18  Command Center, Unknown  
  130  12:25  Hellion x2  
  130  12:28  Missile Turret, Hellion  
  130  12:29  Starport  
  134  12:30  Missile Turret  
  134  12:33  Siege Tank  
  133  12:39  Banshee, Viking  
  119  12:49  Siege Tank  
  119  12:51  Missile Turret, Siege Tank  
  119  13:02  Hellion x8  
  119  13:03  Hellion  
  119  13:05  SCV, Siege Tank  
  127  13:09  Banshee  
  130  13:16  Orbital Command  
  108  13:21  Siege Tank  
  108  13:23  Hellion  
  108  13:24  SCV, Hellion x2  
  108  13:25  Unknown  
  118  13:30  SCV, Unknown  
  118  13:31  Orbital Command  
  118  13:32  Starport Tech Lab  
  119  13:36  SCV x2  
  119  13:37  Siege Tank  
  124  13:42  SCV x2  
  124  13:44  Hellion  
  124  13:47  Hellion x2  
  133  13:48  SCV x2  
Tags
 
Add a new tag
Caveats
  • Supply blocks, unpowered buildings, or Contaminate may cause inaccurate times.
  • Supply counts are checked every 10 seconds.